 Dungeon Crawl Stone Soup version 0.29.0-4-gdea44cf6ec (webtiles) character file.

Game seed: 9436818471371129030

35 qw the Chopper (level 3, -1/21 HPs)
             Began as a Tengu Warper on Aug 28, 2022.
             Slain by Terence
             ... wielding a +1 short sword of electrocution
              (4 damage)
             ... on level 2 of the Dungeon.
             The game lasted 00:00:07 (1267 turns).

qw the Chopper (Tengu Warper)                       Turns: 1267, Time: 00:00:07

Health: -1/21      AC:  3    Str: 13    XL:     3   Next: 33%
Magic:  7/7        EV: 16    Int: 13    God:
Gold:   122        SH:  0    Dex: 13    Spells: 6/6 levels left

rFire   . . .      SeeInvis .   Y - +0 hand axe (flame)
rCold   . . .      Faith    .   (no shield)
rNeg    . . .      Spirit   .   b - +0 leather armour
rPois   .          Reflect  .   (helmet restricted)
rElec   .          Harm     .   (no cloak)
rCorr   +          Rampage  .   (no gloves)
Will    .....                   (boots unavailable)
Stlth   +.........              (no amulet)
HPRegen 0.07/turn               a - ring of resist corrosion
MPRegen 0.10/turn               c - +4 ring of evasion

@: no status effects
A: beak, talons 3
a: no special abilities


You were on level 2 of the Dungeon.
You visited 1 branch of the dungeon, and saw 2 of its levels.

You collected 122 gold pieces.


Innate Abilities, Weirdness & Mutations

You have a beak for a mouth.
You have claws for feet.


   Skills:
 - Level 2.0 Fighting
 + Level 4.0 Axes
 - Level 1.0 Throwing
 - Level 1.1 Armour
 - Level 2.1 Dodging
 - Level 2.0 Spellcasting
 - Level 2.4 Translocations


You had 6 spell levels left.
You didn't know any spells.
Your spell library contained the following spells:

 Spells                   Type           Power      Damage    Failure   Level
 Blink                    Tloc           14%        N/A       19%         2
 Gell's Gravitas          Tloc           7%         N/A       36%         3
 Lesser Beckoning         Tloc           7%         N/A       36%         3
 Teleport Other           Tloc           7%         N/A       36%         3
 Manifold Assault         Tloc           7%         N/A       98%         5

Inventory:

Hand Weapons
 Y - a +0 hand axe of flaming (weapon)
Armour
 b - a +0 leather armour (worn)
Jewellery
 a - a ring of resist corrosion (left hand)
 c - a +4 ring of evasion (right hand)
Potions
 d - a potion of lignification {unknown}
 f - a potion of heal wounds {unknown}

Dungeon Overview and Level Annotations

Branches:
Dungeon (2/15)

Altars:

Annotations:
D:2 Terence


Message History

A rat comes into view.
Enter note: You hit the rat but do no damage.
You claw the rat.
You kill the rat!
You now have 122 gold pieces (gained 12).
A hobgoblin and a rat come into view.
The hobgoblin moves out of view.
Enter note: You hit the rat but do no damage.
You claw the rat.
You kill the rat!
You hit the hobgoblin but do no damage. You claw the hobgoblin.
The hobgoblin is moderately wounded.
The hobgoblin hits you but does no damage.
A frilled lizard comes into view.
1251 ||| Stepping ~*~*~tactically~*~*~ (stealth).
You slash the hobgoblin! You burn the hobgoblin.
You kill the hobgoblin!
Terence the Incautious comes into view.
He is wielding a +1 short sword of electrocution, wearing a +2 scale mail of willpower and carrying a wand of roots (13).
Found 9 gold pieces and a book of Transfigurations.
Terence shouts!
1261 ||| Stepping ~*~*~tactically~*~*~ (hiding).
Found a scroll of blinking and 11 gold pieces.
You start waiting.
Terence is nearby!
1263 ||| Stepping ~*~*~tactically~*~*~ (hiding).
Found a stone staircase leading up.
You start waiting.
Terence is nearby!
The frilled lizard hisses angrily.
You hit Terence. You burn Terence. You claw Terence.
You peck Terence, but do no damage.
Terence is moderately wounded.
You hear an angry hiss.
Terence hits you with a +1 short sword of electrocution.
You are electrocuted!
Ouch! That really hurt!
You hit Terence but do no damage. You claw Terence.
Terence is moderately wounded.
Terence hits you with a +1 short sword of electrocution.
You die...

#####.## #..##..
#.# #..##.#
#####.# #..##$#
# ......#
#..##.# .#
#######
##..##.##.#
######
##.#%##....#
......
#.###....####..<
######
##.#..........#
##.###@#####...
### #@.....#
...l.....
#?........
#$####.... #.
..## #. :# #. .


You could see Terence and a frilled lizard.

Vanquished Creatures
  A dart slug (D:1)
  2 ball pythons (D:1)
  4 bats (D:1)
  2 endoplasms (D:1)
  A giant cockroach (D:1)
  6 hobgoblins
  4 jackals (D:1)
  A kobold (D:1)
  A quokka (D:1)
  A frilled lizard (D:1)
  5 rats
28 creatures vanquished.

Notes
Turn   | Place    | Note
-------+----------+-------------------------------------------
     0 | D:1      | qw the Tengu Warper began the quest for the Orb.
     0 | D:1      | Reached XP level 1. HP: 12/12 MP: 4/4
     0 | D:1      | 0 ||| qw: Version: 0.1-a-89-g26bdef1
     0 | D:1      | 0 ||| qw: Game counter: 1464
     0 | D:1      | 0 ||| qw: Always use a shield: true
     0 | D:1      | 0 ||| qw: God list: Okawaru
     0 | D:1      | 0 ||| qw: Allow faded altars: false
     0 | D:1      | 0 ||| qw: Do Orc after D:15 true
     0 | D:1      | 0 ||| qw: Do second Lair branch before Depths: true
     0 | D:1      | 0 ||| qw: Lair rune preference: random
     0 | D:1      | 0 ||| qw: Plans: Normal
     0 | D:1      | 0 ||| PLANNING D:1-11
   125 | D:1      | 125 ||| READING scroll labelled TOBIQE URUTAS.
   126 | D:1      | 126 ||| DROPPING scroll of blinking.
   127 | D:1      | 127 ||| Stepping randomly (stuck).
   176 | D:1      | Reached XP level 2. HP: 17/17 MP: 6/6
   206 | D:1      | Reached skill level 3 in Axes
   212 | D:1      | 212 ||| Stepping ~*~*~tactically~*~*~ (stealth).
   261 | D:1      | 261 ||| Stepping ~*~*~tactically~*~*~ (stealth).
   263 | D:1      | 263 ||| Stepping randomly (stuck).
   290 | D:1      | 290 ||| Stepping ~*~*~tactically~*~*~ (stealth).
   293 | D:1      | 293 ||| Stepping randomly (stuck).
   306 | D:1      | 306 ||| Stepping ~*~*~tactically~*~*~ (hiding).
   309 | D:1      | 309 ||| Stepping ~*~*~tactically~*~*~ (hiding).
   871 | D:1      | Reached XP level 3. HP: 21/21 MP: 7/7
  1088 | D:1      | Reached skill level 4 in Axes
  1177 | D:1      | 1177 ||| UPGRADING to ring of resist corrosion.
  1178 | D:1      | 1178 ||| UPGRADING to +4 ring of evasion.
  1179 | D:1      | 1179 ||| DROPPING ring of wizardry.
  1180 | D:1      | 1180 ||| READING scroll labelled LIRIOD VAOXOOLY.
  1181 | D:1      | 1181 ||| READING scroll labelled RYZACE COHU.
  1251 | D:2      | 1251 ||| Stepping ~*~*~tactically~*~*~ (stealth).
  1260 | D:2      | Noticed Terence
  1261 | D:2      | 1261 ||| Stepping ~*~*~tactically~*~*~ (hiding).
  1263 | D:2      | 1263 ||| Stepping ~*~*~tactically~*~*~ (hiding).
  1266 | D:2      | HP: 3/21 [Terence/+1 short sword of electrocution (17)]
  1267 | D:2      | Slain by Terence

Levels and vault maps discovered:
D:1:      dpeg_arrival_three_same_balls, layout_basic, serial_glass,
          glass_columns_c, glass_columns_c, glass_columns_a, glass_columns_b,
          glass_columns_b, glass_columns_c, glass_columns_a, glass_columns_a,
          minmay_misc_feat_chi, minmay_misc_feat_hallway
D:2:      layout_loops_ring, hellmonk_ecumenical_altar_zigzags, uniq_jessica,
          uniq_terence

Skill      XL: |  1  2  3 |
---------------+----------+-----
Axes           | 3 4 |  4.0
Fighting       | |  2.0
Throwing       | |  1.0
Armour         | |  1.1
Dodging        | |  2.1
Spellcasting   | |  2.0
Translocations | |  2.4

Action                   || total
-------------------------++-------
Melee: Hand axe          ||    73
       Kick              ||    19
       Peck              ||    10
Throw: Boomerang         ||     7
  Use: Scroll            ||     3
Armor: Leather armour    ||    19
Dodge: Dodged            ||    48

Table legend:
 A = Non-vault XP
 B = Vault XP
 C = Vault XP percentage of total XP
 D = Non-vault monster count
 E = Vault monster count
 F = Vault count percentage of total count
                 A         B        C        D         E       F
            +---------+---------+-------+---------+---------+-------
      Total |      50 |       0 |   0.0 |      28 |       0 |   0.0
            +---------+---------+-------+---------+---------+-------
        D:1 |      46 |       0 |   0.0 |      25 |       0 |   0.0
        D:2 |       4 |       0 |   0.0 |       3 |       0 |   0.0
            +---------+---------+-------+---------+---------+-------
